 Dungeon Crawl Stone Soup version 0.20-a0-903-g7e3609c (webtiles) character file.

25 Infinimo the Magician (level 2, -1/19 HPs)
             Began as a Mummy Wizard on Mar 21, 2017.
             Slain by Ijyb (3 damage)
             ... on level 1 of the Dungeon.
             The game lasted 00:02:43 (1133 turns).

Infinimo the Magician (Mummy Wizard)                Turns: 1133, Time: 00:02:43

Health: -1/19      AC:  2    Str: 10    XL:     2   Next: 86%
Magic:  0/7        EV: 12    Int: 17    God:
Gold:   44         SH:  0    Dex: 10    Spells: 6/9 levels left

rFire    x . .     SeeInvis .   e - +0 dagger
rCold    + . .     Gourm    .   a - +0 robe
rNeg     + + +     Faith    .   (no shield)
rPois    ∞         Spirit   .   b - +0 hat
rElec    .         Reflect  .   (no cloak)
rCorr    .         Harm     .   (no gloves)
MR       .....                  (no boots)
Stlth    ++........             (no amulet)
Regen    0.1/turn               (no ring)
MPRegen  0.1/turn               (no ring)

@: no status effects
A: no food or potions, fire vulnerability, cold resistance 1, negative energy
resistance 3, torment resistance, unbreathing
a: no special abilities


You were on level 1 of the Dungeon.
You were not hungry.

You visited 1 branch of the dungeon, and saw 2 of its levels.

You collected 44 gold pieces.

Inventory:

Hand Weapons
 e - a +0 dagger (weapon)
Armour
 a - a +0 robe (worn)
 b - a +0 hat (worn)
Jewellery
 h - an uncursed ring of resist corrosion {unknown}
Scrolls
 d - 2 scrolls of fog {unknown}
 f - a scroll of blinking {unknown}
 g - 2 scrolls of teleportation {unknown}
 i - a scroll of magic mapping {unknown}
Books
 c - a book of Minor Magic

   Spells                             Type                      Level
   a - Magic Dart                     Conjuration                  1
   b - Blink                          Translocation                2
   c - Call Imp                       Summoning                    2
   d - Slow                           Hexes                        2
   e - Conjure Flame                  Conjuration/Fire             3
   f - Mephitic Cloud                 Conjuration/Poison/Air       3


   Skills:
 - Level 1.5 Dodging
 - Level 1.5 Stealth
 - Level 4.0 Spellcasting
 + Level 2.3 Conjurations
   Level 0.7 Summonings
 - Level 0.7 Translocations


You had 6 spell levels left.
You knew the following spells:

 Your Spells              Type           Power        Failure   Level  Hunger
a - Magic Dart            Conj           ##..         10%         1    N/A
b - Blink                 Tloc           N/A          21%         2    N/A

Dungeon Overview and Level Annotations

Branches:
Dungeon (2/15)

Altars:
Yredelemnul

Annotations:
D:1 Ijyb


Innate Abilities, Weirdness & Mutations

You do not eat or drink.
Your flesh is vulnerable to fire.
You are immune to poison.
Your flesh is cold resistant. (rC+)
You are immune to negative energy. (rN+++)
You are immune to unholy pain and torment.
You can survive without breathing.


Message History

The magic dart hits Ijyb.
Ijyb is moderately wounded.
Ijyb closely misses you.
Casting: Magic Dart
Confirm with . or Enter, or press ? or * to list all spells.
Aiming: Magic Dart
Press: ? - help, Shift-Dir - straight line, f/p - Ijyb
Aim: Ijyb, wearing a dyed leather armour and carrying a wand of paralysis (?/24) {empty} (moderately wounded)
The magic dart hits Ijyb.
Ijyb is moderately wounded.
Ijyb closely misses you.
Casting: Magic Dart
Confirm with . or Enter, or press ? or * to list all spells.
Aiming: Magic Dart
Press: ? - help, Shift-Dir - straight line, f/p - Ijyb
Aim: Ijyb, wearing a dyed leather armour and carrying a wand of paralysis (?/24) {empty} (moderately wounded)
The magic dart hits Ijyb.
Ijyb is moderately wounded.
Ijyb hits you.
You die...

...# #### ..# #.########
...#.....## #########
..........## #.......#
...........# ###.......#
...........# ###.g.......#
...........###..@#.......#
.[.........#...###.......#
.............#####.......#
...........######..#######
...#.....#.# #...##
##########.## #.###
#..###.###########
#....#...........# ###
##.##.............#


You could see Ijyb.

Vanquished Creatures
  3 dart slugs (D:1)
  A giant cockroach (D:1)
  6 goblins
  A hobgoblin (D:1)
  2 bats (D:1)
  3 frilled lizards (D:1)
  2 kobolds
  4 rats (D:1)
22 creatures vanquished.

Notes
Turn   | Place    | Note
-------+----------+-------------------------------------------
     0 | D:1      | Infinimo the Mummy Wizard began the quest for the Orb.
     0 | D:1      | Reached XP level 1. HP: 13/13 MP: 5/5
    86 | D:1      | Reached skill level 1 in Conjurations
   376 | D:1      | Reached XP level 2. HP: 19/19 MP: 4/7
   961 | D:1      | Learned a level 2 spell: Blink
   978 | D:2      | Found a basalt altar of Yredelemnul.
   979 | D:2      | Noticed Ijyb
  1027 | D:1      | Paralysed by Ijyb for 2 turns
  1051 | D:1      | Paralysed by Ijyb for 3 turns
  1063 | D:1      | Paralysed by Ijyb for 7 turns
  1088 | D:1      | Paralysed by Ijyb for 2 turns
  1092 | D:1      | Paralysed by Ijyb for 4 turns
  1133 | D:1      | Slain by Ijyb

Vault maps used:
D:1:      onia_arrival_larder, minmay_misc_feat_hallway
D:2:      yredelemnul_altar_generic, fedhas_altar_1, uniq_iyjb

Skill      XL: |  1  2 |
---------------+-------+-----
Conjurations   | 1 2 |  2.3
Dodging        | |  1.5
Stealth        | |  1.5
Spellcasting   | |  4.0
Summonings     | |  0.7
Translocations | |  0.7

Action                   || total
-------------------------++-------
Melee: Unarmed           ||     4
       Dagger            ||    10
 Cast: Magic Dart        ||    60
 Stab: Sleeping          ||     1
Armor: Robe              ||     3
Dodge: Dodged            ||    17
